 Dungeon Crawl Stone Soup version 0.21.1-1-g345015fe64 (webtiles) character file.

291 KleinerIrrer the Chopper (level 6, -5/43 HPs)
             Began as an Octopode Transmuter on Apr 18, 2018.
             Slain by an iguana (9 damage)
             ... on level 4 of the Dungeon.
             The game lasted 00:03:23 (6157 turns).

KleinerIrrer the Chopper (Octopode Transmuter)      Turns: 6157, Time: 00:03:24

Health: -5/43      AC:  1    Str:  9    XL:     6   Next: 32%
Magic:  9/9        EV: 13    Int: 15    God:
Gold:   227        SH:  0    Dex: 15    Spells: 8/9 levels left

rFire    . . .     SeeInvis .   Y - +0 war axe
rCold    . . .     Gourm    .   (no shield)
rNeg     . . .     Faith    .   (helmet restricted)
rPois    .         Spirit   .   (no amulet)
rElec    .         Reflect  .   (no ring)
rCorr    .         Harm     .   (no ring)
MR       .....                  (no ring)
Stlth    ++........             (no ring)
HPRegen  0.14/turn              (no ring)
MPRegen  0.11/turn              (no ring)
                                (no ring)
                                (no ring)

@: about to teleport, very slow
A: almost no armour, stealthy swim, amphibious, 8 rings, constrict 8, camouflage
1, gelatinous body 1
a: no special abilities


You were on level 4 of the Dungeon.
You were hungry.

You visited 1 branch of the dungeon, and saw 4 of its levels.

You collected 227 gold pieces.


Innate Abilities, Weirdness & Mutations

You cannot wear most types of armour.
You are very stealthy in the water. (Stealth+)
You are amphibious.
You can wear up to eight rings at the same time.
You can use your tentacles to constrict eight enemies at once.
Your skin changes colour to match your surroundings (Stealth+).
Your rubbery body absorbs attacks. (AC +1, EV +1)


   Skills:
 - Level 4.0 Fighting
 + Level 4.5 Axes
 - Level 2.0 Dodging
 - Level 3.0 Unarmed Combat
 - Level 2.0 Spellcasting
 - Level 2.0 Transmutations


You had 8 spell levels left.
You knew the following spells:

 Your Spells              Type           Power        Failure   Level  Hunger
a - Beastly Appendage     Tmut           #.....       10%         1    #......

Inventory:

Hand Weapons
 o - a +0 flail of protection
 Y - a +0 war axe (weapon)
Scrolls
 g - 5 scrolls of teleportation
 k - a scroll of remove curse
Potions
 c - a potion of mutation {unknown}
 d - a potion of heal wounds {unknown}
 f - a potion of ambrosia {unknown}
 i - a potion of degeneration {unknown}
 n - a potion of curing {unknown}
Books
 b - a book of Changes

   Spells                             Type                      Level
   a - Beastly Appendage              Transmutation                1
   b - Sticks to Snakes               Transmutation                2
   c - Spider Form                    Transmutation/Poison         3
   d - Ice Form                       Ice/Transmutation            4
   e - Blade Hands                    Transmutation                5
Comestibles
 a - 9 chunks of flesh
 e - 2 rations

Dungeon Overview and Level Annotations

Branches:
Dungeon (4/15)
 Temple: D:4-7

Altars:
Cheibriados


Message History

You are feeling hungry.
You closely miss the iguana. Your grab misses the iguana.
Your squeeze misses the iguana. The iguana bites you! x2
The iguana bites you! The iguana bites you! The iguana closely misses you.
The iguana bites you.
A jackal comes into view.
The jackal barks!
You hear a bark! x2
Found a flail.
6156 ||| READING 6 scrolls of teleportation.
As you read the scroll of teleportation, it crumbles to dust.
You feel strangely unstable. The jackal bites you. The iguana bites you.
You closely miss the iguana. You grab the iguana. You closely miss the jackal.
You constrict the iguana, but do no damage.
The jackal bites you but does no damage.
The iguana bites you!
You die...

#......####.#### $.#####
#######...#....##
##..........##.
#[.............
#.............)
#..............
##.............
##....l...#. ##...@...#.#
#%.###h..#.##
########............
#.........###h.(#.##
#.........###.....#
#<................# #### ##
#####.................#
#... .
#..........#........<.##..#
##
#..........#........).#..#
###.


You could see an iguana and 2 jackals.

Vanquished Creatures
  An ogre (D:4)
  Robin (D:3)
  10 adders
  An adder skeleton (D:3)
  A dart slug (D:1)
  3 leopard geckos
  3 orcs
  2 ball pythons
  4 giant cockroaches
  17 goblins
  9 hobgoblins
  17 jackals
  8 kobolds
  A quokka (D:2)
  6 bats
  4 frilled lizards
  4 rats
92 creatures vanquished.

Notes
Turn   | Place    | Note
-------+----------+-------------------------------------------
     0 | D:1      | KleinerIrrer the Octopode Transmuter began the quest for the Orb.
     0 | D:1      | Reached XP level 1. HP: 13/13 MP: 3/3
     0 | D:1      | 0 ||| counter = 81
    32 | D:1      | 32 ||| CASTING Beastly Appendage
    48 | D:1      | 48 ||| CASTING Beastly Appendage
    68 | D:1      | 68 ||| Wielding weapon club.
   108 | D:1      | 108 ||| SWAPPING to mace.
   109 | D:1      | 109 ||| DROPPING +0 club.
   116 | D:1      | 116 ||| CASTING Beastly Appendage
   145 | D:1      | 145 ||| CASTING Beastly Appendage
   202 | D:1      | 202 ||| CASTING Beastly Appendage
   207 | D:1      | Reached XP level 2. HP: 8/19 MP: 3/5
   401 | D:1      | 401 ||| CASTING Beastly Appendage
   429 | D:1      | 429 ||| CASTING Beastly Appendage
   439 | D:1      | 439 ||| CASTING Beastly Appendage
   439 | D:1      | HP: 4/20 [jackal (2)]
   715 | D:1      | 715 ||| CASTING Beastly Appendage
   827 | D:1      | 827 ||| CASTING Beastly Appendage
   951 | D:1      | 951 ||| CASTING Beastly Appendage
  1057 | D:1      | 1057 ||| CASTING Beastly Appendage
  1058 | D:1      | Reached XP level 3. HP: 25/25 MP: 4/6
  1137 | D:1      | 1137 ||| CASTING Beastly Appendage
  1178 | D:1      | 1178 ||| CASTING Beastly Appendage
  1181 | D:1      | Reached skill level 3 in Fighting
  1241 | D:1      | 1241 ||| CASTING Beastly Appendage
  1288 | D:1      | 1288 ||| CASTING Beastly Appendage
  1340 | D:1      | 1340 ||| CASTING Beastly Appendage
  1430 | D:1      | 1430 ||| CASTING Beastly Appendage
  1431 | D:1      | 1431 ||| CASTING Beastly Appendage
  1503 | D:1      | 1503 ||| CASTING Beastly Appendage
  1504 | D:1      | 1504 ||| CASTING Beastly Appendage
  1552 | D:1      | 1552 ||| CASTING Beastly Appendage
  1573 | D:1      | 1573 ||| CASTING Beastly Appendage
  1679 | D:1      | 1679 ||| CASTING Beastly Appendage
  1680 | D:1      | 1680 ||| CASTING Beastly Appendage
  1699 | D:1      | 1699 ||| READING scroll labeled TEKAB LACSA.
  1700 | D:1      | 1700 ||| READING 4 scrolls labeled ARUBBA ONKOPH.
  1703 | D:1      | 1703 ||| READING scroll labeled BAIXESHR QOLYA.
  1704 | D:1      | 1704 ||| READING scroll labeled KUM GOURI JEOH.
  1705 | D:1      | 1705 ||| DROPPING 12 arrows.
  1710 | D:1      | 1710 ||| CASTING Beastly Appendage
  1827 | D:2      | 1827 ||| UPGRADING to short sword.
  1828 | D:2      | 1828 ||| DROPPING +0 mace.
  1846 | D:2      | 1846 ||| CASTING Beastly Appendage
  1885 | D:2      | 1885 ||| CASTING Beastly Appendage
  1912 | D:2      | 1912 ||| SWAPPING to flail.
  1913 | D:2      | 1913 ||| DROPPING +0 short sword.
  1958 | D:2      | 1958 ||| CASTING Beastly Appendage
  1959 | D:2      | 1959 ||| CASTING Beastly Appendage
  2099 | D:2      | 2099 ||| CASTING Beastly Appendage
  2121 | D:2      | 2121 ||| CASTING Beastly Appendage
  2136 | D:2      | 2136 ||| CASTING Beastly Appendage
  2148 | D:2      | 2148 ||| STAIRDANCE
  2158 | D:2      | 2158 ||| CASTING Beastly Appendage
  2162 | D:2      | 2162 ||| STAIRDANCE
  2243 | D:2      | 2243 ||| CASTING Beastly Appendage
  2250 | D:2      | Reached XP level 4. HP: 31/33 MP: 5/7
  2287 | D:2      | 2287 ||| CASTING Beastly Appendage
  2304 | D:2      | 2304 ||| CASTING Beastly Appendage
  2319 | D:2      | 2319 ||| STAIRDANCE
  2356 | D:1      | 2356 ||| READING scroll labeled ICE QYFRYRUN.
  2357 | D:1      | 2357 ||| READING scroll labeled DOSAQ ZYBORYX.
  2403 | D:2      | 2403 ||| CASTING Beastly Appendage
  2404 | D:2      | 2404 ||| CASTING Beastly Appendage
  2430 | D:2      | 2430 ||| CASTING Beastly Appendage
  2446 | D:2      | 2446 ||| CASTING Beastly Appendage
  2455 | D:2      | 2455 ||| CASTING Beastly Appendage
  2458 | D:2      | 2458 ||| STAIRDANCE
  2546 | D:2      | 2546 ||| SWAPPING to rapier.
  2547 | D:2      | 2547 ||| DROPPING +0 flail.
  2548 | D:2      | 2548 ||| READING scroll of remove curse.
  2569 | D:2      | 2569 ||| CASTING Beastly Appendage
  2664 | D:2      | 2664 ||| SWAPPING to runed short sword.
  2665 | D:2      | 2665 ||| SWAPPING to -3 rapier.
  2685 | D:2      | 2685 ||| CASTING Beastly Appendage
  2703 | D:2      | 2703 ||| CASTING Beastly Appendage
  2718 | D:2      | 2718 ||| STAIRDANCE
  2779 | D:2      | 2779 ||| SWAPPING to hand axe.
  2780 | D:2      | 2780 ||| DROPPING -3 rapier.
  2781 | D:2      | 2781 ||| DROPPING +2 short sword of holy wrath.
  2795 | D:2      | 2795 ||| CASTING Beastly Appendage
  2828 | D:2      | 2828 ||| CASTING Beastly Appendage
  2869 | D:2      | 2869 ||| CASTING Beastly Appendage
  2881 | D:2      | 2881 ||| CASTING Beastly Appendage
  2896 | D:2      | 2896 ||| CASTING Beastly Appendage
  2913 | D:2      | 2913 ||| STAIRDANCE
  2915 | D:1      | 2915 ||| EATING 2 rations.
  2947 | D:2      | 2947 ||| CASTING Beastly Appendage
  2996 | D:2      | 2996 ||| CASTING Beastly Appendage
  3011 | D:2      | 3011 ||| CASTING Beastly Appendage
  3055 | D:2      | 3055 ||| UPGRADING to mace.
  3056 | D:2      | 3056 ||| SWAPPING to +0 hand axe.
  3165 | D:2      | 3165 ||| CASTING Beastly Appendage
  3171 | D:2      | Reached skill level 1 in Axes
  3220 | D:3      | 3220 ||| CASTING Beastly Appendage
  3222 | D:3      | 3222 ||| STAIRDANCE
  3242 | D:3      | 3242 ||| STAIRDANCE
  3404 | D:3      | Noticed Robin
  3404 | D:3      | 3404 ||| STAIRDANCE
  3428 | D:2      | 3428 ||| CASTING Beastly Appendage
  3433 | D:2      | 3433 ||| STAIRDANCE
  3481 | D:3      | 3481 ||| STAIRDANCE
  3551 | D:3      | Killed Robin
  3552 | D:3      | 3552 ||| STAIRDANCE
  3697 | D:3      | 3697 ||| SWAPPING to war axe.
  3698 | D:3      | 3698 ||| DROPPING +0 hand axe.
  3703 | D:3      | 3703 ||| CASTING Beastly Appendage
  3707 | D:3      | Reached XP level 5. HP: 32/37 MP: 6/8
  3883 | D:3      | 3883 ||| CASTING Beastly Appendage
  3987 | D:3      | 3987 ||| CASTING Beastly Appendage
  4028 | D:3      | 4028 ||| CASTING Beastly Appendage
  4051 | D:3      | Found a snail-covered altar of Cheibriados.
  4111 | D:3      | 4111 ||| CASTING Beastly Appendage
  4133 | D:3      | 4133 ||| CASTING Beastly Appendage
  4146 | D:3      | 4146 ||| CASTING Beastly Appendage
  4157 | D:3      | 4157 ||| CASTING Beastly Appendage
  4160 | D:3      | 4160 ||| STAIRDANCE
  4175 | D:2      | 4175 ||| DROPPING +0 mace.
  4176 | D:2      | 4176 ||| UPGRADING to flail of protection.
  4177 | D:2      | 4177 ||| SWAPPING to +0 war axe.
  4178 | D:2      | 4178 ||| READING scroll labeled DAUSSA YMEIHA.
  4179 | D:2      | 4179 ||| READING 2 scrolls of identify.
  4179 | D:2      | 4179 ||| IDENTIFYING pink potion
  4180 | D:2      | 4180 ||| DROPPING potion of lignification.
  4195 | D:3      | 4195 ||| CASTING Beastly Appendage
  4198 | D:3      | 4198 ||| STAIRDANCE
  4244 | D:3      | 4244 ||| CASTING Beastly Appendage
  4282 | D:3      | 4282 ||| CASTING Beastly Appendage
  4293 | D:3      | 4293 ||| CASTING Beastly Appendage
  4305 | D:3      | 4305 ||| CASTING Beastly Appendage
  4316 | D:3      | 4316 ||| CASTING Beastly Appendage
  4325 | D:3      | 4325 ||| STAIRDANCE
  4332 | D:2      | 4332 ||| DRINKING 2 emerald potions.
  4333 | D:2      | 4333 ||| DROPPING potion of agility.
  4448 | D:3      | 4448 ||| CASTING Beastly Appendage
  4508 | D:3      | Reached skill level 3 in Axes
  4864 | D:3      | 4864 ||| CASTING Beastly Appendage
  4882 | D:3      | 4882 ||| CASTING Beastly Appendage
  4966 | D:3      | 4966 ||| CASTING Beastly Appendage
  5084 | D:3      | 5084 ||| CASTING Beastly Appendage
  5096 | D:3      | 5096 ||| STAIRDANCE
  5099 | D:2      | 5099 ||| READING scroll labeled YHICKO WEUVET.
  5100 | D:2      | 5100 ||| READING 2 scrolls labeled AWKUSMUCVA.
  5101 | D:2      | 5101 ||| READING 2 scrolls of identify.
  5101 | D:2      | 5101 ||| IDENTIFYING amethyst potion
  5102 | D:2      | 5102 ||| DROPPING potion of invisibility.
  5103 | D:2      | 5103 ||| DROPPING scroll of random uselessness.
  5107 | D:3      | 5107 ||| STAIRDANCE
  5186 | D:3      | 5186 ||| CASTING Beastly Appendage
  5268 | D:3      | 5268 ||| CASTING Beastly Appendage
  5328 | D:3      | 5328 ||| READING scroll of identify.
  5328 | D:3      | 5328 ||| IDENTIFYING emerald ring
  5329 | D:3      | 5329 ||| DROPPING cursed ring of loudness.
  5364 | D:3      | Became a worshipper of Cheibriados the Contemplative
  5365 | D:3      | 5365 ||| EATING 3 rations.
  5366 | D:3      | Fell from the grace of Cheibriados
  5387 | D:4      | 5387 ||| CASTING Beastly Appendage
  5388 | D:4      | 5388 ||| STAIRDANCE
  5436 | D:4      | 5436 ||| STAIRDANCE
  5722 | D:4      | Noticed an ogre
  5724 | D:4      | 5724 ||| CASTING Beastly Appendage
  5738 | D:4      | Killed an ogre
  5738 | D:4      | Reached XP level 6. HP: 37/43 MP: 9/9
  5739 | D:4      | 5739 ||| STAIRDANCE
  5880 | D:4      | 5880 ||| CASTING Beastly Appendage
  5889 | D:4      | 5889 ||| STAIRDANCE
  6044 | D:4      | 6044 ||| CASTING Beastly Appendage
  6129 | D:4      | 6129 ||| CASTING Beastly Appendage
  6147 | D:4      | HP: 10/43 [iguana (9)]
  6154 | D:4      | HP: 6/43 [iguana (5)]
  6156 | D:4      | 6156 ||| READING 6 scrolls of teleportation.
  6157 | D:4      | Slain by an iguana

Vault maps used:
D:1:      lightli_arrival_statue_moat
D:3:      cheibriados_altar_1, uniq_crazy_yiuf_cottage, uniq_robin
D:4:      bh_walls_and_bars

Skill      XL: |  1  2  3  4  5 |
---------------+----------------+-----
Fighting       | 2 3 4 |  4.0
Axes           | 2 4 |  4.5
Dodging        | |  2.0
Unarmed Combat | |  3.0
Spellcasting   | |  2.0
Transmutations | |  2.0

Action                   |  1- 3 |  4- 6 || total
-------------------------+-------+-------++-------
Melee: Mace              |    57 |       ||    57
       Constrict         |    21 |    35 ||    56
       Kick              |    21 |    16 ||    37
       Unarmed           |     2 |       ||     2
       Tentacles         |     9 |    14 ||    23
       Punch             |     2 |     4 ||     6
       Flail             |    12 |     8 ||    20
       Short sword       |     4 |       ||     4
       Hand axe          |       |    28 ||    28
       Rapier            |       |     6 ||     6
       War axe           |       |    72 ||    72
 Cast: Beastly Appendage |    31 |    45 ||    76
Invok: Renounce Religion |       |     1 ||     1
  Use: Scroll            |     4 |    10 ||    14
       Potion            |       |     1 ||     1
  Eat: Chunk             |     4 |     7 ||    11
       Ration            |       |     2 ||     2
Armor: Skin              |     2 |     8 ||    10
Dodge: Dodged            |    48 |    96 ||   144

Table legend:
 A = Spawn XP
 B = Non-spawn XP
 C = Spawn XP percentage of total XP
 D = Spawn monster count
 E = Non-spawn monster count
 F = Spawn count percentage of total count
 G = Total turns spent on level
                    A         B        C        D         E        F      G
               +---------+---------+-------+---------+---------+-------+---------
         Total |       0 |     417 |   0.0 |       0 |      92 |   0.0 |  6157
               +---------+---------+-------+---------+---------+-------+---------
           D:1 |       0 |      57 |   0.0 |       0 |      30 |   0.0 |  1914
           D:2 |       0 |      94 |   0.0 |       0 |      31 |   0.0 |  1805
           D:3 |       0 |     130 |   0.0 |       0 |      24 |   0.0 |  2133
           D:4 |       0 |     136 |   0.0 |       0 |       7 |   0.0 |   305
               +---------+---------+-------+---------+---------+-------+---------
